Cogmind - Beta 10.2 @@@ ROGUE MODE // 2020.11.24 @ 10:55:33 // Halloween2020/ForbiddenLore Player: TpFive3.5 Result: Destroyed by Y-45 Defender with Beam Rifle Performance ------------- Evolutions (1) 500 Regions Visited (3) 600 Robots Destroyed (61) 305 Value Destroyed (1534) 1534 Prototype IDs (1) 20 Alien Tech Used (0) 0 Bonus (286) 286 TOTAL SCORE: 3245 Bonus ------- High Alert Combat Kills 286 Cogmind --------- Core Integrity 0/400 Matter 179/300 Energy 248/250 System Corruption 7% Temperature Cool (9) Movement Walking (210) Ox3 Location -9/Storage Parts ------- > --- POWER (1) -------- Ion Engine > --- PROPULSION (3) --- Aluminum Leg > --- UTILITY (3) ------ Medium Storage Unit Large Storage Unit > --- WEAPON (2) ------- Assault Rifle Heavy Assault Rifle > --- INVENTORY (14) --- Ion Engine Ion Engine Medium Storage Unit Large Storage Unit Beam Rifle Light Assault Rifle Rocket Launcher Plasma Cutter Peak State ------------ > --- POWER ------------ Improved Ion Engine > --- PROPULSION ------- Aluminum Leg Aluminum Leg Aluminum Leg > --- UTILITY ---------- Medium Storage Unit Large Storage Unit Light Armor Plating > --- WEAPON ----------- EMP Blaster Rocket Launcher > --- INVENTORY -------- Ion Engine Ion Engine Aluminum Leg Aluminum Leg Medium Storage Unit Large Storage Unit Assault Rifle Light Assault Rifle Rocket Launcher Plasma Cutter [Rating: 13] Favorites ----------- Power Ion Engine Engine Ion Engine Propulsion Aluminum Leg Leg Aluminum Leg Utility Large Storage Unit Device Sensor Array Storage Large Storage Unit Protection Light Armor Plating Weapon Rocket Launcher Energy Cannon Advanced Beam Cannon Ballistic Gun Assault Rifle Launcher Rocket Launcher Build | -11 -10 -9 -9 ------- Run | Scr Mat Mat Sto Slots Evolved 2 | . . 2 . Power . | . . . . Propulsion 1 | . . 1 . Utility 1 | . . 1 . Weapon . | . . . . Parts Attached 41 | 7 4 4 26 Power 5 | 1 . . 4 Engine 5 | 1 . . 4 Core . | . . . . Reactor . | . . . . Propulsion 14 | 2 . 2 10 Treads . | . . . . Leg 14 | 2 . 2 10 Wheel . | . . . . Hover . | . . . . Flight . | . . . . Utility 6 | 2 2 1 1 Device 1 | . . 1 . Storage 4 | 2 2 . . Processor . | . . . . Hackware . | . . . . Protection 1 | . . . 1 Artifact . | . . . . Weapon 16 | 2 2 1 11 Energy Gun . | . . . . Energy Cannon 3 | . . . 3 Ballistic Gun 7 | 2 . . 5 Ballistic Cannon . | . . . . Launcher 6 | . 2 1 3 Special Weapon . | . . . . Impact Weapon . | . . . . Slashing Weapon . | . . . . Piercing Weapon . | . . . . Special Melee Weapon . | . . . . Unidentified Prototypes 1 | . . . 1 Parts Lost 15 | . . 2 13 Power 1 | . . . 1 Propulsion 7 | . . . 7 Utility 2 | . . 1 1 Weapon 5 | . . 1 4 Highest Loss Streak 8 | . . 2 8 Average Slot Usage (%) 94 | . 99 97 89 Engine 11 | . 14 11 11 Leg 30 | . 28 33 31 Device 2 | . . 9 . Storage 23 | . 28 22 22 Protection 2 | . . . 5 Ballistic Gun 8 | . 21 . 5 Launcher 14 | . 6 22 13 Naked Turns . | . . . . Heaviest Build 42 | 17 37 38 42 Greatest Support 30 | 20 20 30 30 Greatest Overweight (x) 2 | 1 1 1 2 Average Overweight (x) . | . . 1 1 Largest Inventory Capacity 14 | 8 14 14 14 Average Capacity 11 | 7 8 14 14 Most Carried 14 | 8 11 10 14 Average Carried 9 | 4 8 8 12 Final Capacity 14 | 8 14 14 14 Final Carried 11 | 8 11 9 8 Class Distribution -------------------- 81% | Mutant 18% | Scavenger-Mutant Dominant Class ---------------- Mutant | -10/Materials Mutant | -9/Materials Mutant | -9/Storage Resources | -11 -10 -9 -9 ----------- Run | Scr Mat Mat Sto Matter Collected 1179 | 294 98 162 625 Remotely . | . . . . Salvage Created 1543 | 102 150 230 1061 Parts 110 | 10 12 16 72 Haulers Intercepted 1 | . . . 1 Recyclers Shooed 3 | . . 1 2 Parts Field Recycled . | . . . . Retrieved Matter . | . . . . Parts Self-Destructed . | . . . . Prevented . | . . . . Kills | -11 -10 -9 -9 ------- Run | Scr Mat Mat Sto Combat Hostiles Destroyed 44 | . 5 8 31 Guns 9 | . 5 . 4 AOE 35 | . . 8 27 Classes Destroyed 12 | 2 2 3 5 Worker 5 | . . 1 4 Builder 1 | . . . 1 Tunneler 2 | 2 . . . Hauler 1 | . . . 1 Recycler 2 | 1 . . 1 Mechanic 1 | . . . 1 Operator 3 | . . . 3 Watcher 2 | . . 1 1 Swarmer 10 | . 3 4 3 Grunt 26 | . 2 3 21 Protector 2 | . . . 2 Sentry 6 | . . 1 5 Best Kill Streak 13 | 2 3 9 13 Combat Bots Only 11 | . 3 8 11 Max Kills in Single Turn 5 | 1 1 3 5 Gunslinging . | . . . . Exploded 5 | . . 3 5 Melee . | . . . . Uniques/NPCs Destroyed . | . . . . Combat | -11 -10 -9 -9 -------- Run | Scr Mat Mat Sto Damage Taken 2189 | . 188 323 1678 Core 445 | . 32 42 371 Absorbed by Shields . | . . . . Core Remaining (%) 93 | 100 87 . . Volleys Fired 110 | 4 19 18 69 Largest 2 | 2 2 1 2 Hottest 91 | 40 40 33 91 Shots Fired 162 | 8 38 18 98 Gun 84 | 8 38 . 38 Cannon 2 | . . . 2 Launcher 76 | . . 18 58 Special . | . . . . Kinetic 84 | 8 38 . 38 Thermal 2 | . . . 2 Explosive 32 | . . 7 25 Electromagnetic 44 | . . 11 33 Robot Hit Streak 9 | 2 6 4 9 Robot Miss Streak 6 | 2 3 6 2 Penetration Max . | . . . . Secondary Targets . | . . . . Shots Hit Robots 88 | 3 17 8 60 Core Hits 99 | 3 7 13 76 Critical Hits 1 | . 1 . . Critical Kills 1 | . 1 . . Critical Parts Destroyed . | . . . . Melee Attacks . | . . . . Impact . | . . . . Slashing . | . . . . Piercing . | . . . . Sneak Attacks . | . . . . Combat Hostiles . | . . . . Follow-up Attacks . | . . . . Damage Inflicted 3942 | 63 164 734 2981 Guns 537 | 63 164 . 310 Cannons 21 | . . . 21 Explosions 3384 | . . 734 2650 Melee . | . . . . Ramming . | . . . . Kinetic 537 | 63 164 . 310 Thermal 68 | . . 40 28 Explosive 2422 | . . 412 2010 Electromagnetic 915 | . . 282 633 Impact . | . . . . Slashing . | . . . . Piercing . | . . . . Highest Corruption 7 | . . 1 7 Average Corruption 1 | . . 1 1 Corruption Purged . | . . . . Effects 6 | . . 1 5 Message Errors 2 | . . 1 1 Matter Fused 2 | . . . 2 Energy Discharges 1 | . . . 1 Weapon Failures 1 | . . . 1 Overload Shots . | . . . . Overflow Damage 139 | . . 67 72 Projectiles . | . . . . Explosions 139 | . . 67 72 Melee . | . . . . Knockbacks . | . . . . Impact . | . . . . Kinetic . | . . . . Secondary . | . . . . Self-Inflicted Damage 205 | . . 108 97 Shots 10 | . . 5 5 Rammed . | . . . . Targets Rammed . | . . . . Kicked . | . . . . Crushed . | . . . . Highest Temperature 54 | . . 7 54 Average Temperature 18 | . . 3 19 Received Heat Transfer 585 | . 42 72 471 Siege Activations . | . . . . Robots Corrupted . | . . . . Combat Hostiles . | . . . . Parts Fried 7 | . . 1 6 Impact Corruptions . | . . . . Robots Melted . | . . . . Combat Hostiles . | . . . . Parts Melted . | . . . . Heat Transferred 137 | . . 50 87 Parts Sabotaged . | . . . . Parts Stolen . | . . . . Parts Stripped . | . . . . Power Chain Reactions 5 | . . 2 3 Missiles Intercepted . | . . . . Alert | -11 -10 -9 -9 ------- Run | Scr Mat Mat Sto Peak Influence 839 | 15 159 333 839 Initial 140 | . 9 66 140 Average 269 | 5 81 137 518 Maximum Alert Level 3 | . . 1 3 Low Security (%) 54 | 100 100 74 5 Level 1 20 | . . 25 33 Level 2 13 | . . . 32 Level 3 12 | . . . 29 Level 4 . | . . . . Level 5 . | . . . . High Security . | . . . . Max Security . | . . . . Squads Dispatched 11 | . 1 2 8 Investigation . | . . . . Extermination . | . . . . Reinforcement 8 | . 1 2 5 Assault 2 | . . . 2 Garrison 1 | . . . 1 Intercept . | . . . . Construction Impeded 2 | . . 1 1 Haulers Reinforced . | . . . . Stealth | -11 -10 -9 -9 --------- Run | Scr Mat Mat Sto Distress Signals 3 | . . 1 2 Communications Jammed . | . . . . Distress Signals . | . . . . Times Spotted 63 | . 7 10 46 Peak Tracking Total 10 | . 3 6 10 Tactical Retreats 6 | . 1 1 4 Traps | -11 -10 -9 -9 ------- Run | Scr Mat Mat Sto Traps Triggered 3 | . . . 3 Indirectly 3 | . . . 3 Trap Hack Attempts . | . . . . Triggered . | . . . . Disarmed . | . . . . Reprogrammed . | . . . . Reused . | . . . . Traps Extracted . | . . . . Installed . | . . . . Triggered 1 | . . . 1 Machines | -11 -10 -9 -9 ---------- Run | Scr Mat Mat Sto Machines Disabled 6 | . . 1 5 Max in Single Turn 1 | . . 1 1 Machines Sabotaged . | . . . . Garrisons Compromised . | . . . . Overloaded Fab Kills . | . . . . Fab Network Shutdowns . | . . . . Hacking | -11 -10 -9 -9 --------- Run | Scr Mat Mat Sto Machines Accessed . | . . . . Terminals . | . . . . Fabricators . | . . . . Repair Stations . | . . . . Recycling Units . | . . . . Scanalyzers . | . . . . Garrison Access . | . . . . Total Hacks . | . . . . Successful . | . . . . Failed . | . . . . Catastrophic . | . . . . Database Lockouts . | . . . . Manual . | . . . . Terminals . | . . . . Fabricators . | . . . . Repair Stations . | . . . . Recycling Units . | . . . . Scanalyzers . | . . . . Garrison Access . | . . . . Terminal Hacks . | . . . . Fabricator Hacks . | . . . . Repair Station Hacks . | . . . . Recycling Unit Hacks . | . . . . Scanalyzer . | . . . . Garrison Access Hacks . | . . . . Unauthorized Hacks . | . . . . Terminals . | . . . . Fabricators . | . . . . Repair Stations . | . . . . Recycling Units . | . . . . Scanalyzers . | . . . . Garrison Access . | . . . . Data Cores Recovered . | . . . . Used . | . . . . Hacking Detections . | . . . . Full Trace Events . | . . . . Feedback Events . | . . . . Feedback Blocked . | . . . . Robot Schematics Acquired . | . . . . Robots Built . | . . . . Matter . | . . . . Time . | . . . . Total Robot Build Rating . | . . . . Part Schematics Acquired . | . . . . Parts Built . | . . . . Matter . | . . . . Time . | . . . . Total Part Build Rating . | . . . . Parts Repaired . | . . . . Time . | . . . . Parts Recycled . | . . . . Recycled Matter . | . . . . Retrieved Matter . | . . . . Retrieved Components . | . . . . Parts Scanalyzed . | . . . . Part Schematics Acquired . | . . . . Parts Damaged . | . . . . Bothacking | -11 -10 -9 -9 ------------ Run | Scr Mat Mat Sto Used RIF Installer . | . . . . Robots Hacked . | . . . . Non-combat . | . . . . Combat . | . . . . Robot Hacks Applied . | . . . . Relay Couplers Released . | . . . . Robots Rewired . | . . . . Allies Hacked . | . . . . Hacks Repelled . | . . . . Allies | -11 -10 -9 -9 -------- Run | Scr Mat Mat Sto Total Allies . | . . . . Largest Group . | . . . . Highest-Rated Group . | . . . . Highest-Rated Ally . | . . . . Total Orders . | . . . . Ally Attacks . | . . . . Total Damage . | . . . . Kills . | . . . . Allies Corrupted . | . . . . Allies Melted . | . . . . Intel | -11 -10 -9 -9 ------- Run | Scr Mat Mat Sto Robot Analysis Total . | . . . . Derelict Logs Recovered . | . . . . Drone Launches . | . . . . Drone Recoveries . | . . . . Exploration | -11 -10 -9 -9 ------------- Run | Scr Mat Mat Sto Turns Passed 1393 | 141 331 339 582 Spaces Moved 708 | 91 197 185 235 Core 1 | 1 . . . Treads . | . . . . Legs 707 | 90 197 185 235 Wheels . | . . . . Hover . | . . . . Flight . | . . . . Fastest Speed 50 | 50 120 150 150 Average Speed 140 | 121 126 150 151 Slowest Speed 180 | 150 150 150 180 Overloaded Moves . | . . . . Propulsion Burnouts . | . . . . Robots Hopped . | . . . . Cave-ins Triggered 1 | . . . 1 Exploration Rate (%) 27 | 6 29 17 58 Regions Visited 3 Branch Regions 1 Pre-discovered Areas . | . . . . Known Exits Taken . | . . . . Unknown Exits Taken 3 | 1 1 1 . Scrap Searched . | . . . . Spaces Dug 9 | . . 9 . Terrain Destroyed 256 | . . 67 189 Melee . | . . . . Projectile 1 | . . . 1 AOE 255 | . . 67 188 Terrain Rammed . | . . . . Walls Destroyed . | . . . . Machines Disabled . | . . . . Actions | -11 -10 -9 -9 --------- Run | Scr Mat Mat Sto Total 951 | 109 248 230 364 Wait 43 | . 8 18 17 Move 705 | 90 196 184 235 Hop . | . . . . Pick Up 31 | 8 10 3 10 Fast Attach 12 | 7 2 . 3 Attach 12 | . . 3 9 Detach 1 | . . . 1 Swap 17 | . 2 1 14 Drop 20 | . 11 3 6 Fire 110 | 4 19 18 69 Melee . | . . . . Ram . | . . . . Kick . | . . . . Crush . | . . . . Escape Stasis . | . . . . Rewire . | . . . . Trap . | . . . . Miscellaneous . | . . . . Route ------- -11/Scrapyard -10/Materials -9/Materials -9/Storage History --------- Turn | Location | Event 24 | -11/Scrapyard | Discovered new exit (range 15) 142 | -11/Scrapyard | Entered Materials 323 | -10/Materials | Build established: Mutant 436 | -10/Materials | Discovered new exit (range 9) 473 | -10/Materials | Entered another Materials area 473 | -9/Materials | Evolved 2 slots: Propulsion x1, Utility x1 706 | -9/Materials | Discovered new exit (range 13) 781 | -9/Materials | Destroyed 8 combat bots 812 | -9/Materials | Entered Storage 1212 | -9/Storage | First assault squad dispatched 1279 | -9/Storage | Destroyed 11 combat bots 1312 | -9/Storage | Garrison activated, responded to threat 1326 | -9/Storage | Crushed by falling debris 1326 | -9/Storage | Core integrity fell below 50% 1363 | -9/Storage | Core integrity fell below 20% 1390 | -9/Storage | Lost 8 parts (5n3w) 1394 | -9/Storage | Destroyed by Y-45 Defender with Beam Rifle Last Messages --------------- 01326_ The unstable cave ceiling collapses. 01326_ Crushed by falling debris. 01326_ Aluminum Leg destroyed. 01326_ System corrupted by crushing effect (+2). 01326_ Adv. Beam Cannon destroyed. 01326_ System corrupted by crushing effect (+2). 01326_ Adv. Beam Cannon destroyed. 01326_ System corrupted by crushing effect (+2). 01327_ K-01 Serf collects debris. 01331_ The unstable cave ceiling collapses. 01331_ K-01 Serf collects debris. 01332_ System corrupted: Energy discharge (-55). 01334_ K-01 Serf collects debris. 01334_ Aluminum Leg destroyed. 01355_ System corrupted: Matter fused (-8). 01359_ Aluminum Leg destroyed. 01371_ Acquired Aluminum Leg. 01382_ System corrupted: Matter fused (-9). 01382_ G-34 Mercenary destroyed. 01391_ Aluminum Leg destroyed. Map ----- +----------------------------------------------------+ | # ## ? #?????????????????????????? | | # ?? ??????????????????????????? | | # ## # #+##/######+#### ???????????????? | | ]] ??????????????? | | ] ??????????????? | | ??????????????? | | # ! # ### #########/#???????????????????? | | # = * * * [ #?????????????????????????? | | # ! #?????????????????????????? | | # #?????????????????????????? | | ## #?????????????????????????? | | ## ] # #?????????????????????????? | | # ## ] #?????????????????????????? | | ## #?????????????????????????? | | % + #?????????????????????????? | | ## #####+########???????????????????????? | | ###*# #???# #??#"""#???????????????????????? | | ##?#### ##### ####"T"###?????????????????????? | | ??????# #?????????????????????? | | ??????# #??? #????????????????? | | ??????# ### #????????????????? | | ??????# #????????????????? | | ??? #????????????????? | | ??#####+##############+####+######????????????? | | ????? ????????????# %=Y% =* #????????????? | | ????#"?????????????# [Y @ ! #????????????? | | ????#??????????????# #????????????? | | ???????????????????# [ #????????????? | | ???????????????????# #????????????? | | ???????????????????# [ #????????????? | | ???????????????????###############????????????? | | | | | | | | | | | | | | | | | | | | | | | | | | | | | | | | | | | | | | | +----------------------------------------------------+ Best States ------------- Heat Dissipation 28 Energy Generation 12 Energy Capacity 265 Matter Stores 300 Matter Capacity 300 Sight Range 16 Robot Scan Range 10 Terrain Scan Density 10 Armor Coverage 150 Evasion (%) 40 Item Schematics ----------------- None Robot Schematics ------------------ None Fabricated ------------ Nothing Alien Tech Used ----------------- None Achievements -------------- None Challenges ------------ None Game ------ Seed AlertNuclearBay Manual? 0 Play Time 00:30:10 Cumulative 13.7 hours Start 2020.11.24 @ 10:10:15 End 2020.11.24 @ 10:55:33 Sessions 1 Manual Loads 0 Difficulty Rogue Special Mode Halloween2020/ForbiddenLore Game No. 13 Rogue 13 Adventurer 0 Explorer 0 Win Type - Total 0 Types 0/0/0/0/0/0/0/0/0 Lore% 15 Gallery% 16 Achievement% 12 Wizard Run 0 Options --------- ASCII 0 Keyboard 0 Movement Mouse Keybinds 0 Fullscreen 1 Font 18/SmallcapsGlow Map View 76x50 Tactical HUD 1 Map Filters NONE Filters NONE Steam 1 RUN: 6d775ab7-55a7-473c-afdc-21877035395f